 Dungeon Crawl Stone Soup version 0.29-a0-923-g6e406bff71 (webtiles) character file.

Game seed: 9375926310262125642

8897 Sobieck the Destroyer (level 11, 0/72 HPs)
             Began as an Octopode Conjurer on July 27, 2022.
             Was a Follower of Ashenzari.
             Slain by a catoblepas (2 damage)
             ... while petrified by a catoblepas
             ... on level 1 of the Lair of Beasts.
             The game lasted 00:40:39 (16546 turns).

Sobieck the Destroyer (Octopode Conjurer)          Turns: 16546, Time: 00:40:40

Health: 0/72       AC:  5    Str: 12    XL:     11   Next: 38%
Magic:  7/19       EV:  2    Int: 31    God:    Ashenzari [*.....]
Gold:   307        SH:  0    Dex: 17    Spells: 9/20 levels left

rFire   . . .      SeeInvis .   a - +0 sling
rCold   . . .      Faith    .   r - +1 kite shield
rNeg    + + +      Spirit   .   (helmet restricted)
rPois   ∞          Reflect  .   y - amulet of the acrobat
rElec   .          Harm     .   o - +4 ring of protection
rCorr   +          Rampage  .   x - ring of willpower
Will    +....                   H - ring of Ouranomancy {Int+6, Alch, Bglg} (curse)
Stlth   ++++......              I - ring of the Sidereal Altruism {Dex+6, Evo, Melee} (curse)
HPRegen 0.22/turn               P - ring "Restrained With Me" {Str+6, Cun, Comp} (curse)
MPRegen 0.16/turn               S - ring of resist corrosion
                                (no ring)
                                (no ring)

@: petrified
A: almost no armour, amphibious, 8 rings, camouflage 1, gelatinous body 1,
(nimble swimmer 1), tentacles
a: Renounce Religion, Curse Item, Shatter the Chains


You were on level 1 of the Lair of Beasts.
You worshipped Ashenzari.
Ashenzari was aware of your devotion.
You visited 2 branches of the dungeon, and saw 13 of its levels.

You collected 679 gold pieces.
You spent 372 gold pieces at shops.


Innate Abilities, Weirdness & Mutations

You cannot wear most types of armour.
You are amphibious.
You can wear up to eight rings at the same time.
Your skin changes colour to match your surroundings (Stealth+).
Your rubbery body absorbs attacks. (AC +1, EV +1)
((You are camouflaged when in or above water. (Stealth+)))
You have tentacles for arms and can constrict up to eight enemies at once.


   Skills:
 + Level 6.1 Fighting
 - Level 4.2(5.0) Dodging
 - Level 2.6(3.4) Stealth
 + Level 4.2 Shields
 + Level 5.4 Spellcasting
 - Level 13.0(13.7) Conjurations
 - Level 5.0(5.8) Hexes
 - Level 4.2(5.0) Translocations


You had 9 spell levels left.
You knew the following spells:

 Your Spells              Type           Power      Damage    Failure   Level
a - Magic Dart            Conj           100%       1d8       1%          1
b - Searing Ray           Conj           100%       2d8       1%          2
c - Fulminant Prism       Conj/Hex       31%        3d16      2%          4
d - Iskenderun's Mystic   Conj/Tloc      61%        2d13      3%          4

Your spell library contained the following spells:

 Spells                   Type           Power      Damage    Failure   Level
 Dazzling Flash           Conj/Hex       100%       N/A       1%          3
 Conjure Flame            Conj/Fire      50%        6-21      2%          3
 Sticky Flame             Conj/Fire      50%        2d7       9%          4
 Summon Guardian Golem    Hex/Summ       26%        N/A       13%         3
 Summon Small Mammal      Summ           36%        N/A       14%         1
 Call Canine Familiar     Summ           9%         N/A       41%         3
 Ignite Poison            Fire/Tmut/Pois 8%         N/A       41%         3
 Metabolic Englaciation   Hex/Ice        13%        N/A       77%         5
 Iron Shot                Conj/Erth      25%        9d5       80%         6
 Alistair's Intoxication  Tmut/Pois      6%         N/A       99%         5
 Blade Hands              Tmut           4%         N/A       99%         5
 Borgnjor's Vile Clutch   Necr/Erth      4%         N/A       99%         5
 Eringya's Noxious Bog    Tmut/Pois      4%         N/A       100%        6
 Monstrous Menagerie      Summ           4%         N/A       100%        7
 Animate Armour           Summ/Erth      Unusable   N/A       N/A         4

Inventory:

Hand Weapons
 a - a +0 sling (weapon)
   (You found it on level 4 of the Dungeon)
 b - a +1 dagger {short}
   (You found it on level 1 of the Dungeon)
 i - a +0 morningstar of protection {mace}
   (You found it on level 8 of the Dungeon)
 t - a +0 whip of venom {mace}
   (You took it off an orc on level 4 of the Dungeon)
 v - a +2 short sword of holy wrath {short}
   (You took it off Duvessa on level 5 of the Dungeon)
 C - a +0 mace of holy wrath {mace}
   (You took it off an orc warrior on level 6 of the Dungeon)
 D - a +1 vorpal hand axe {axe}
   (You took it off an orc on level 6 of the Dungeon)
 K - a +2 flail of draining {mace}
   (You found it on level 7 of the Dungeon)
 L - a +1 mace of protection {mace}
   (You took it off an orc on level 7 of the Dungeon)
 O - a +1 spear of flaming {polearm}
   (You took it off a gnoll on level 8 of the Dungeon)
 R - a +2 whip of flaming {mace}
   (You took it off Pikel on level 8 of the Dungeon)
 T - a +2 long sword of freezing {long}
   (You found it on level 9 of the Dungeon)
Missiles
 c - 8 boomerangs {throwing}
 f - 10 poisoned darts {throwing}
 h - 113 stones {throwing}
 s - 7 curare-tipped darts {=fthrowing}
Armour
 r - a +1 kite shield (worn)
   (You bought it in a shop on level 3 of the Dungeon)
Magical Staves
 l - a staff of cold {!astaff}
   (You found it on level 4 of the Dungeon)
 Q - a staff of air {!astaff}
   (You found it on level 8 of the Dungeon)
Jewellery
 o - a +4 ring of protection (left tentacle)
   (You found it on level 3 of the Dungeon)
 x - a ring of willpower (right tentacle)
   (You found it on level 6 of the Dungeon)
 y - an amulet of the acrobat (around mantle)
   (You found it on level 6 of the Dungeon)
 B - an amulet of regeneration {@e2}
   (You found it on level 6 of the Dungeon)
 H - the cursed ring of Ouranomancy (on tentacle) {Int+6, Alch, Bglg}
   (You found it on level 6 of the Dungeon)

   [ring of intelligence]

   Int:       It affects your intelligence (+6).
   It has a curse which improves the following skills: Alchemy: Poison Magic and
   Transmutations.
   Beguiling: Conjurations, Hexes and Translocations.
 I - the cursed ring of the Sidereal Altruism (on tentacle) {Dex+6, Evo, Melee}
   (You found it on level 6 of the Dungeon)

   [ring of dexterity]

   Dex:       It affects your dexterity (+6).
   It has a curse which improves the following skills: Evocations: Evocations.
   Melee Combat: Short Blades, Long Blades, Axes, Maces & Flails, Polearms,
   Staves and Unarmed Combat.
 P - the cursed ring "Restrained With Me" (on tentacle) {Str+6, Cun, Comp}
   (You found it on level 8 of the Dungeon)

   [ring of strength]

   Str:       It affects your strength (+6).
   It has a curse which improves the following skills: Cunning: Dodging and
   Stealth.
   Companions: Summonings and Necromancy.
 S - a ring of resist corrosion (on tentacle)
   (You bought it in a shop on level 9 of the Dungeon)
Wands
 k - a wand of light (1)
   (You took it off Natasha on level 2 of the Dungeon)
 M - a wand of roots (25)
   (You found it on level 7 of the Dungeon)
 V - a wand of flame (14)
   (You found it on level 9 of the Dungeon)
Scrolls
 g - 3 scrolls of vulnerability {!r!r}
 j - 3 scrolls of magic mapping {!r}
 u - 3 scrolls of blinking {!r}
 E - 2 scrolls of poison {!r}
 F - 2 scrolls of amnesia
 G - 4 scrolls of teleportation {@r4}
 J - 2 scrolls of fear
 Y - a scroll of silence {!r}
Potions
 d - 2 potions of magic
 e - 4 potions of heal wounds {@q2}
 m - 2 potions of cancellation
 n - 3 potions of haste {@q3}
 p - 4 potions of curing {@q1}
 q - a potion of berserk rage {!q}
 w - 3 potions of flight
 z - a potion of mutation {!q}
 A - 2 potions of resistance
 N - a potion of attraction {!q}
 W - a potion of brilliance
 X - a potion of lignification {!q}
 Z - a potion of ambrosia
Miscellaneous
 U - a piece from Xom's chessboard (15/15)
   (You found it on level 9 of the Dungeon)

Dungeon Overview and Level Annotations

Branches:
Dungeon (12/15) Zot: 26378  Temple (0/1) D:5            Lair (1/5) D:8 Zot: 5962
    Orc (0/2) D:9

Altars:
Ashenzari
The Shining One

Shops:
D:3 [   D:7 (   D:8 !   D:9 *?

Annotations:
D:7 2 transporters, Tollund's ghost, novice FoAK
D:11 exclusion: downstairs
Lair:1 Erica

./... ...... .....
...... . #...#
####.#.... .. #...#
#......... ... #FY.#
#......... .... #...#
###.........
.....#...###.#.........
......YY......"..#
......§@Y......#.#
.....###.....###.# ....
#....###P.# ...
#................ ..
#...........*Y.## .
......##.....##.#
#..@#..##.....# .#
...#...........
...###..≈


You could see a catoblepas, Erica, 3 yaks and a bullfrog.


Message History

You feel an oppressive heat about you.
There is an entrance to a volcano on this level.
Hurry and find it before the entrance collapses!
You have a vision of a gate.
There is a staircase back to the Dungeon here.
Unknown command.
Your pack is full.
You see here an amulet of guardian spirit.
Unknown command.
Your pack is full.
You see here an amulet of guardian spirit.
Your pack is full.
You see here an amulet of guardian spirit.
Could not pick up an amulet of guardian spirit here; ([A]lways) ignore it?
Autopickup disabled for amulets of guardian spirit.
A catoblepas comes into view.
Danger!
Casting: Fulminant Prism (dangerous; 2% risk of failure)
Confirm with . or Enter, or press ? or * to list all spells.
Aiming: Fulminant Prism (dangerous; 2% risk of failure)
Press: ? - help, Dir - move target You conjure a prism of explosive energy!
A fulminant prism comes into view.
You hear a loud crackle.
You hear an explosion!
You hear a bellow! x3; You hear a loud, deep croak!
You see here an amulet of guardian spirit.
Danger!
Casting: Fulminant Prism (dangerous; 2% risk of failure)
Confirm with . or Enter, or press ? or * to list all spells.
Aiming: Fulminant Prism (dangerous; 2% risk of failure)
Press: ? - help, Dir - move target You conjure a prism of explosive energy!
A fulminant prism comes into view.
Your fulminant prism crackles loudly.
The blast of energy engulfs the catoblepas!
The catoblepas breathes a plume of calcifying dust at you.
The blast of calcifying dust hits you.
You hear a bellow! x4; You hear a croak.
A yak comes into view.
The yak bellows!
Casting: Fulminant Prism (dangerous; 2% risk of failure)
Confirm with . or Enter, or press ? or * to list all spells.
Okay, then.
Unknown command.
Casting: Fulminant Prism (dangerous; 2% risk of failure)
Confirm with . or Enter, or press ? or * to list all spells.
Aiming: Fulminant Prism (dangerous; 2% risk of failure)
Press: ? - help, Dir - move target You conjure a prism of explosive energy!
A fulminant prism comes into view.
Casting: Fulminant Prism (dangerous; 2% risk of failure)
Confirm with . or Enter, or press ? or * to list all spells.
Aiming: Fulminant Prism (dangerous; 2% risk of failure)
Press: ? - help, Dir - move target You conjure a prism of explosive energy!
A fulminant prism comes into view.
Your fulminant prism crackles loudly.
Unknown command.
Really wriggle into that cloud of calcifying dust?
You are engulfed in calcifying dust.
You are slowing down.
Your fulminant prism crackles loudly.
You hear an explosion!
The blast of energy engulfs the catoblepas!
You hear a bellow! x2; You hear a loud, deep croak!
There is a staircase back to the Dungeon here.
You are engulfed in calcifying dust.
Your limbs have turned to stone.
The blast of energy engulfs the yak!!
The catoblepas breathes a plume of calcifying dust at you.
The blast of calcifying dust hits you.
You hear a bellow!
You hear a howl!
You have turned to stone.
You stop ascending the stairs.
You are engulfed in calcifying dust.
The catoblepas breathes a plume of calcifying dust at you.
The blast of calcifying dust hits you!
A yak comes into view.
You are engulfed in calcifying dust.
The yak gores you! The catoblepas gores you!
You are engulfed in calcifying dust.
The yak gores you.
A yak comes into view.
The catoblepas gores you!!
* * * LOW HITPOINT WARNING * * *
The yak bellows!
You are engulfed in calcifying dust.
The catoblepas gores you!!
* * * LOW HITPOINT WARNING * * *
The yak gores you.
* * * LOW HITPOINT WARNING * * *
You are engulfed in calcifying dust.
A bullfrog comes into view.
The yak gores you.
* * * LOW HITPOINT WARNING * * *
The catoblepas gores you!!
* * * LOW HITPOINT WARNING * * *
The yak gores you but does no damage. The catoblepas gores you!!
* * * LOW HITPOINT WARNING * * *
Erica the Fiery-Tempered comes into view.
She is wielding a +4 scimitar of flaming.
The catoblepas gores you.
You die...

Skill      XL: |  1  2  3  4  5  6  7  8  9 10 11 |
---------------+----------------------------------+-----
Conjurations   | 5 6 7 8 10 13 | 13.0
Hexes          | 1 2 4 5 |  5.0
Fighting       | 2 5 6 |  6.1
Translocations | 1 4 |  4.2
Dodging        | 4 |  4.2
Spellcasting   | 4 5 |  5.4
Shields        | 2 4 |  4.2
Stealth        | |  2.6

Action                   |  1- 3 |  4- 6 |  7- 9 | 10-12 || total
-------------------------+-------+-------+-------+-------++-------
Melee: Unarmed           |     4 |       |       |       ||     4
       Tentacles         |     3 |       |       |       ||     3
       Dagger            |    12 |     3 |       |       ||    15
       Constrict         |     2 |     1 |       |       ||     3
 Fire: Sling             |       |    26 |   104 |     7 ||   137
 Cast: Magic Dart        |    46 |    51 |       |       ||    97
       Searing Ray       |     3 |    30 |    42 |     3 ||    78
       Fulminant Prism   |       |       |    30 |    70 ||   100
       Iskenderun's Myst |       |       |     1 |    13 ||    14
Invok: Curse Item        |       |       |     2 |     1 ||     3
Evoke: Wand              |       |       |     1 |     2 ||     3
  Use: Scroll            |       |     8 |     2 |     1 ||    11
       Potion            |       |       |     1 |     1 ||     2
Armor: Skin              |       |     9 |    13 |     3 ||    25
Dodge: Dodged            |    12 |    29 |    80 |     9 ||   130
Block: Kite shield       |       |       |       |     1 ||     1

Levels and vault maps discovered:
D:1:      amcnicky_arrival_choice, layout_loops_cross, serial_glass,
          glass_columns_a, glass_columns_a, minmay_misc_feat_four_crosses
D:2:      layout_loops_ring, dreamdust_ecumenical_altar_drowned_temple,
          uniq_natasha
D:3:      layout_loops_ring, serial_shops, nicolae_shop_crystal
D:4:      layout_loops_ring, mainiacjoe_overflow_alcove_2, marbit_many_paths,
          minmay_misc_feat_tower
D:5:      layout_gridville, temple_fountains, serial_rivers,
          chequers_serial_rivers_micro_e, chequers_serial_rivers_large_b,
          chequers_serial_rivers_micro_e, chequers_serial_rivers_large_a,
          minivault_14, uniq_prince_ribbit1, uniq_duvessa
D:6:      minmay_general_purpose_star, layout_rooms, kennysheep_small_circle,
          uniq_menkaure
D:7:      layout_loops_ring, serial_shops, shop, gammafunk_ghost_smash
D:8:      layout_layer_cave, lair_entry_dummy, serial_shops, shop,
          minmay_crossroads, uniq_pikel, uniq_maurice
D:9:      layout_gridville, serial_shops, shop, nicolae_shop_waterfront,
          hellmonk_bongcloud_opening
D:10:     layout_loops_ring
D:11:     layout_irregular_city
D:12:     minmay_octagon_keep, layout_loops_ring, serial_shops,
          nicolae_shop_behind_doors, enter_trove_0, serial_aquarium,
          aquarium_bridge_square [aquarium_subvault_wall,
          aquarium_subvault_wall, aquarium_subvault_window,
          aquarium_subvault_bridge], aquarium_bridge_straight
          [aquarium_subvault_bridge, aquarium_subvault_window,
          aquarium_subvault_bridge, aquarium_subvault_window],
          aquarium_window_corner, aquarium_window_2, aquarium_window_fake,
          aquarium_view_2d, aquarium_view_2f, uniq_frances
Lair:1:   layout_gridlike, nicolae_volcano_entry_lava_flow,
          ebering_ghost_reflecting_pool, uniq_erica, uniq_maggie

Notes
Turn   | Place    | Note
-------+----------+-------------------------------------------
     0 | D:1      | Sobieck the Octopode Conjurer began the quest for the Orb.
     0 | D:1      | Reached XP level 1. HP: 11/11 MP: 3/3
   110 | D:1      | HP: 2/11 [jackal (3)]
   505 | D:1      | Reached XP level 2. HP: 17/17 MP: 1/5
   718 | D:1      | Learned a level 2 spell: Searing Ray
   735 | D:1      | You add the spells Alistair's Intoxication, Borgnjor's Vile
                  | Clutch and Eringya's Noxious Bog to your library.
  1219 | D:1      | HP: 4/17 [quokka (3)]
  1221 | D:1      | Reached XP level 3. HP: 6/21 MP: 1/6
  1514 | D:1      | Reached skill level 5 in Conjurations
  1707 | D:2      | Noticed Natasha
  1720 | D:2      | Killed Natasha
  1769 | D:2      | Noticed Natasha
  1907 | D:2      | HP: 2/21 [Natasha/bolt of light (11)]
  1908 | D:2      | Killed Natasha
  1909 | D:2      | Reached XP level 4. HP: 3/27 MP: 1/7
  2624 | D:2      | Reached skill level 6 in Conjurations
  2735 | D:2      | Found a faded altar of an unknown god.
  2864 | D:2      | Noticed Natasha
  2873 | D:2      | Killed Natasha
  2874 | D:2      | Reached XP level 5. HP: 31/31 MP: 2/8
  2969 | D:2      | You add the spells Conjure Flame, Ignite Poison and Sticky
                  | Flame to your library.
  3729 | D:3      | Learned a level 4 spell: Fulminant Prism
  3931 | D:3      | Found Ronenonn's Antique Armour Emporium.
  3939 | D:3      | Bought a kite shield for 112 gold pieces
  4498 | D:4      | Noticed a phantom
  4510 | D:4      | Killed a phantom
  4511 | D:4      | Reached skill level 1 in Hexes
  4511 | D:4      | Reached XP level 6. HP: 27/36 MP: 0/9
  4715 | D:4      | Reached skill level 7 in Conjurations
  4771 | D:4      | Reached skill level 2 in Hexes
  4998 | D:4      | Found a broken altar of Ashenzari.
  5002 | D:4      | Became a worshipper of Ashenzari the Shackled
  5435 | D:4      | Found a glowing golden altar of the Shining One.
  5559 | D:5      | Entered Level 5 of the Dungeon
  5559 | D:5      | Noticed an ice beast
  5559 | D:5      | Noticed a black bear
  5605 | D:5      | Noticed Duvessa
  5605 | D:5      | Noticed Dowan
  5627 | D:5      | Noticed a water moccasin
  5641 | D:4      | HP: 9/36 [water moccasin (2)]
  5642 | D:4      | Killed a water moccasin
  5643 | D:4      | Reached XP level 7. HP: 5/41 MP: 0/10
  5978 | D:5      | Reached skill level 8 in Conjurations
  5978 | D:5      | Reached skill level 3 in Hexes
  6154 | D:5      | Killed Duvessa
  6245 | D:5      | Killed Dowan
  6385 | D:5      | Reached skill level 4 in Hexes
  6385 | D:5      | Reached XP level 8. HP: 31/46 MP: 1/11
  6563 | D:5      | Reached skill level 9 in Conjurations
  6656 | D:5      | Noticed Prince Ribbit
  6665 | D:5      | Killed Prince Ribbit
  6934 | D:5      | Found a staircase to the Ecumenical Temple.
  6938 | D:5      | HP: 11/46 [centaur/arrow (2)]
  7381 | D:6      | You pick up a book of Callings and begin reading...
  7381 | D:6      | You add the spells Summon Small Mammal, Call Canine
                  | Familiar and Summon Guardian Golem to your library.
  7391 | D:6      | Learned a level 4 spell: Iskenderun's Mystic Blast
  7418 | D:6      | Noticed Menkaure
  7421 | D:6      | Killed Menkaure
  7422 | D:6      | Reached skill level 10 in Conjurations
  7422 | D:6      | Reached skill level 5 in Hexes
  7976 | D:6      | Reached XP level 9. HP: 51/51 MP: 7/12
  8034 | D:6      | Reached skill level 11 in Conjurations
  8267 | D:5      | HP: 12/51 [poisoned by a water moccasin]
  9185 | D:7      | Reached skill level 12 in Conjurations
  9331 | D:7      | Found a transporter.
  9333 | D:7      | Noticed Tollund's ghost (novice FoAK)
  9334 | D:7      | Found a transporter.
  9379 | D:7      | Found Ykkic's Antique Weapon Shop.
 10080 | D:7      | You pick up a book of Iron and begin reading...
 10080 | D:7      | You add the spells Blade Hands and Iron Shot to your
                  | library.
 10879 | D:8      | Reached * piety under Ashenzari
 10979 | D:8      | Noticed Maurice
 11033 | D:8      | Killed Maurice
 11034 | D:8      | Reached skill level 2 in Fighting
 11034 | D:8      | Reached skill level 13 in Conjurations
 11034 | D:8      | Reached skill level 1 in Translocations
 11034 | D:8      | Reached XP level 10. HP: 60/60 MP: 1/13
 11150 | D:8      | Found a staircase to the Lair.
 11685 | D:8      | Reached skill level 3 in Dodging
 11689 | D:8      | Noticed Pikel
 11872 | D:8      | Killed Pikel
 11873 | D:8      | Reached skill level 3 in Fighting
 11873 | D:8      | Reached skill level 2 in Translocations
 11986 | D:8      | Found Peinoaca's Distillery.
 12946 | D:9      | Reached skill level 3 in Spellcasting
 12955 | D:9      | Reached skill level 3 in Translocations
 13037 | D:9      | Reached skill level 4 in Dodging
 13170 | D:9      | Found Jaehaan's General Store.
 13178 | D:9      | Bought a ring of resist corrosion for 260 gold pieces
 13218 | D:9      | Found Meypiu Vuwa's Magic Scroll Shoppe.
 13312 | D:9      | Found a staircase to the Orcish Mines.
 13912 | D:9      | Reached skill level 4 in Fighting
 14232 | D:10     | Entered Level 10 of the Dungeon
 14258 | D:10     | Noticed a two-headed ogre
 14263 | D:10     | Killed a two-headed ogre
 14264 | D:10     | Reached skill level 1 in Shields
 14264 | D:10     | Reached skill level 4 in Translocations
 14491 | D:10     | Reached skill level 4 in Spellcasting
 14774 | D:10     | Identified the Anthology of Wintry Assembling
 14779 | D:10     | You add the spells Metabolic Englaciation and Monstrous
                  | Menagerie to your library.
 14839 | D:10     | Reached skill level 2 in Shields
 15206 | D:10     | Noticed a red ugly thing
 15218 | D:10     | Killed a red ugly thing
 15219 | D:10     | Reached skill level 5 in Fighting
 15219 | D:10     | Reached XP level 11. HP: 71/71 MP: 1/17
 15466 | D:11     | Noticed a manticore
 15476 | D:11     | Killed a manticore
 15477 | D:11     | Reached skill level 3 in Shields
 15638 | D:11     | Noticed a two-headed ogre
 15647 | D:11     | Killed a two-headed ogre
 15648 | D:11     | Reached skill level 5 in Spellcasting
 16106 | D:11     | Reached skill level 4 in Shields
 16239 | D:11     | Reached skill level 6 in Fighting
 16396 | D:11     | Noticed a boulder beetle
 16510 | Lair:1   | Entered Level 1 of the Lair of Beasts
 16521 | Lair:1   | Noticed a catoblepas
 16544 | Lair:1   | HP: 11/72 [catoblepas (10)]
 16545 | Lair:1   | HP: 1/72 [catoblepas (10)]
 16545 | Lair:1   | Noticed Erica
 16546 | Lair:1   | Slain by a catoblepas

Vanquished Creatures
  2 two-headed ogres
  An ugly thing (D:10)
  Pikel (D:8)
  A manticore (D:11)
  Maurice (D:8)
  A komodo dragon (D:11)
  Prince Ribbit (D:5)
  10 yaks
  A vampire (D:9)
  A wraith (D:9)
  A wyvern (D:9)
  2 steam dragons (D:8)
  Menkaure (D:6)
  3 water moccasins
  5 orc warriors
  3 black bears
  A sky beast (D:6)
  2 ice beasts
  Duvessa (D:5)
  An ogre (D:4)
  4 centaurs
  A phantom (D:4)
  4 lemures (D:8)
  4 kobold brigands
  A bullfrog (D:8)
  A necrophage (D:7)
  4 scorpions
  Dowan (D:5)
  3 killer bees (D:8)
  3 howler monkeys
  A hound (D:7)
  An orc priest (D:10)
  3 jellies
  5 iguanas
  Natasha (thrice) (D:2)
  7 orc wizards
  4 gnolls (D:8)
  3 adders
  2 white imps
  An ufetubus (D:4)
  22 orcs
  5 ball pythons
  7 endoplasms
  2 giant cockroaches (D:4)
  9 goblins
  9 hobgoblins
  16 jackals
  18 kobolds
  6 quokkas
  2 bats
  3 frilled lizards
  2 rats
  A spectral goblin (D:2)
198 creatures vanquished.

Vanquished Creatures (others)
  100 fulminant prisms
  A fungus (Lair:1)
101 creatures vanquished.

Grand Total: 299 creatures vanquished

Table legend:
 A = Non-vault XP
 B = Vault XP
 C = Vault XP percentage of total XP
 D = Non-vault monster count
 E = Vault monster count
 F = Vault count percentage of total count
                 A         B        C        D         E       F
            +---------+---------+-------+---------+---------+-------
      Total |   10382 |    2328 |  18.3 |     176 |      18 |   9.3
            +---------+---------+-------+---------+---------+-------
        D:1 |      39 |       0 |   0.0 |      21 |       0 |   0.0
        D:2 |     115 |      36 |  23.8 |      21 |       2 |   8.7
        D:3 |      46 |       0 |   0.0 |      18 |       0 |   0.0
        D:4 |     507 |       2 |   0.4 |      19 |       1 |   5.0
        D:5 |     662 |     450 |  40.5 |      13 |       3 |  18.8
        D:6 |     857 |     664 |  43.7 |      11 |       8 |  42.1
        D:7 |     565 |       0 |   0.0 |      20 |       0 |   0.0
        D:8 |     993 |    1176 |  54.2 |      17 |       4 |  19.0
        D:9 |    1595 |       0 |   0.0 |      13 |       0 |   0.0
       D:10 |    1844 |       0 |   0.0 |      13 |       0 |   0.0
       D:11 |    3159 |       0 |   0.0 |      10 |       0 |   0.0
            +---------+---------+-------+---------+---------+-------

Illustrated notes

Table legend:
 A = Kills in this place as a percentage of kills in entire the game.
 B = Kills by you in this place as a percentage of kills by you in the entire game.
 C = Kills by friends in this place as a percentage of kills by friends in the entire game.
 D = Other kills in this place as a percentage of other kills in the entire game.
 E = Experience gained in this place as a percentage of experience gained in the entire game.
 F = Experience gained in this place divided by the number of levels of this place that you have seen.
                   A       B       C       D       E      F
               +-------+-------+-------+-------+-------+----------------------
         Total | 100.0 | 100.0 |   N/A |   N/A | 100.0 | 977.7
       Dungeon | 100.0 | 100.0 |   N/A |   N/A | 100.0 | 1059.2
               +-------+-------+-------+-------+-------+----------------------

Table legend: (Time is in decaauts)
 A = Elapsed time spent in this place.
 B = Non-inter-level travel time spent in this place.
 C = Inter-level travel time spent in this place.
 D = Time resting spent in this place.
 E = Time spent auto-exploring this place.
 F = Levels seen in this place.
 G = Mean time per level.
                   A        B        C        D        E       F      G
               +--------+--------+--------+--------+--------+-----+--------+
         Total |  16616 |  15612 |   1004 |   4915 |   7914 |  13 | 1278.2 |
       Dungeon |  16580 |  15576 |   1004 |   4915 |   7911 |  12 | 1381.7 |
          Lair |     36 |     36 |      0 |      0 |      3 |   1 |   36.0 |
               +--------+--------+--------+--------+--------+-----+--------+

Top non-repeatable levels by time:
     D:8: 2138 daAuts
     D:5: 1889 daAuts
     D:7: 1872 daAuts
     D:1: 1742 daAuts
     D:4: 1619 daAuts
     D:2: 1602 daAuts
     D:9: 1437 daAuts
    D:10: 1223 daAuts
     D:6: 1183 daAuts
     D:3: 1101 daAuts
    D:11: 763 daAuts
  Lair:1: 36 daAuts
    D:12: 6 daAuts
